 Dungeon Sprint DCSS version 0.29-a0-732-g3d7fbe0af2 (webtiles) character file.

Game seed: 3558690446797516542

912 Hipnos the Arsonist (level 7, -2/36 HPs)
             Began as a Deep Elf Fire Elementalist on June 29, 2022.
             Killed from afar by an electric eel (9 damage)
             ... with a bolt of electricity
             ... in the Dungeon (Sprint II: "The Violet Keep of Menkaure").
             The game lasted 00:07:36 (1121 turns).

Hipnos the Arsonist (Deep Elf Fire Elementalist)    Turns: 1121, Time: 00:07:37

Health: -2/36      AC:  2    Str:  5    XL:     7   Next: 82%
Magic:  24/24      EV: 15    Int: 22    God:
Gold:   85         SH:  0    Dex: 15    Spells: 11/29 levels left

rFire   . . .      SeeInvis .   h - +0 spear
rCold   . . .      Faith    .   (no shield)
rNeg    . . .      Spirit   .   a - +0 robe
rPois   .          Reflect  .   (no helmet)
rElec   .          Harm     .   (no cloak)
rCorr   .          Rampage  .   (no gloves)
Will    .....      NoTele   +   (no boots)
Stlth   ++........              (no amulet)
HPRegen 0.12/turn               (no ring)
MPRegen 0.19/turn               (no ring)

@: very slow
A: no striking features
a: no special abilities


You were in the Dungeon.
You visited 1 branch You collected 729 gold pieces.
You spent 644 gold pieces at shops.

Inventory:

Hand Weapons
 h - a +0 spear (weapon)
Armour
 a - a +0 robe (worn)
Scrolls
 g - a scroll of blinking
Potions
 b - 2 potions of magic
 c - a potion of curing
 d - a potion of heal wounds
 e - a potion of haste
 f - a potion of berserk rage


   Skills:
 + Level 7.1 Dodging
 + Level 6.5 Stealth
 + Level 11.7 Spellcasting
 * Level 4.1 Conjurations
 + Level 13.7 Fire Magic


You had 11 spell levels left.
You knew the following spells:

 Your Spells              Type           Power      Damage    Failure   Level
a - Foxfire               Conj/Fire      100%       2x1d9     1%          1
b - Scorch                Fire           100%       2d10      1%          2
c - Conjure Flame         Conj/Fire      51%        6-21      1%          3
d - Inner Flame           Hex/Fire       43%        N/A       1%          3
e - Flame Wave            Conj/Fire      51%        2d10      1%          4
f - Freezing Cloud        Conj/Ice/Air   9%         6-21      63%         5

Your spell library contained the following spells:

 Spells                   Type           Power      Damage    Failure   Level
 Simulacrum               Ice/Necr       6%         N/A       100%        6
 Polar Vortex             Ice            6%         N/A       100%        9


Dungeon Overview and Level Annotations

Branches:
Dungeon (1/1)

Altars:

Shops:
D !(::[[!*=:[==*?

Annotations:
D exclusion: oklob plant


Message History

There is an open door here.
You start resting.
HP restored.
Casting: Scorch (safe; 1% risk of failure)
Confirm with . or Enter, or press ? or * to list all spells.
Okay, then.
Casting: Scorch (safe; 1% risk of failure)
Confirm with . or Enter, or press ? or * to list all spells.
The spell is potentially lethal to miscast (63% risk of failure)!
Continue anyway? [Y]es or [N]o only, please.
The spell is potentially lethal to miscast (63% risk of failure)!
Continue anyway?
Okay, then.
Unknown command.
There is an open door here.
Casting: Freezing Cloud (potentially lethal; 63% risk of failure)
Confirm with . or Enter, or press ? or * to list all spells.
Okay, then.
Okay, then.
There is an open door here.
There is an open door here.
The electric eel shoots out a bolt of lightning at you!
The bolt of electricity hits you!
You start resting.
The rain has left you waist-deep in water!
Splash!
You fall into the shallow water.
Moving in this stuff is going to be slow.
You start resting.
The walls and floor vibrate strangely for a moment.
You start resting.
HP restored.
The electric eel shoots out a bolt of lightning at you!
The bolt of electricity hits you!
The electric eel shoots out a bolt of lightning at you!
The bolt of electricity hits you. The bolt of electricity hits you!
* * * LOW HITPOINT WARNING * * *
The electric eel shoots out a bolt of lightning at you!
The bolt of electricity hits the electric eel.
The electric eel completely resists.
The bolt of electricity hits you!
You die...

..∩.∩.∩.#≈≈#####.# ###
# ...∩.∩.∩#≈##3
#'###.## .#
∩.∩...∩.#≈#
#.##.##...#..#
.∩.....∩'≈+
#+.<.'.#.+.§#
∩.......#≈#
###.##...#.§..#
▓▓▓▓▓▓###≈## ##'###.##
.§§..
?{{######≈≈####.#.####
... $.Y#l$
##≈≈≈#..#≈.# ≈ ≈..
∩P?+!.#+ #+#≈##.@.##
≈§§ ≈. :[)#(##§
#≈≈##'##≈≈≈≈§ ≈
".$###≈≈ ##≈≈≈≈≈§≈≈≈§≈
#+###≈≈≈ #+++#'''#≈§§


SSSS§# S≈SS§§≈# ≈≈§≈§§§§§+ ≈≈≈§≈§§§§## ##§≈≈≈§§§## You could see 6 electric
eels.

Vanquished Creatures
  A merfolk siren (D)
  Menkaure (D)
  4 scorpions (D)
  4 necrophages (D)
10 creatures vanquished.

Vanquished Creatures (others)
  29 foxfires (D)
29 creatures vanquished.

Grand Total: 39 creatures vanquished

Notes
Turn   | Place    | Note
-------+----------+-------------------------------------------
     0 | D        | Hipnos the Deep Elf Fire Elementalist began the quest for
                  | the Orb.
     0 | D        | Reached XP level 1. HP: 10/10 MP: 6/6
     1 | D        | Noticed a merfolk siren
    22 | D        | Killed a merfolk siren
    23 | D        | Reached skill level 5 in Dodging
    23 | D        | Reached skill level 5 in Stealth
    23 | D        | Reached skill level 11 in Fire Magic
    23 | D        | Reached XP level 2. HP: 15/15 MP: 1/14
    23 | D        | Reached XP level 3. HP: 19/19 MP: 1/15
    23 | D        | Reached XP level 4. HP: 24/24 MP: 1/17
    23 | D        | Reached XP level 5. HP: 28/28 MP: 1/18
    23 | D        | Reached XP level 6. HP: 32/32 MP: 1/20
    26 | D        | Learned a level 2 spell: Scorch
    30 | D        | Learned a level 3 spell: Conjure Flame
    34 | D        | Learned a level 3 spell: Inner Flame
    39 | D        | Learned a level 4 spell: Flame Wave
   151 | D        | Reached skill level 10 in Spellcasting
   151 | D        | Reached skill level 12 in Fire Magic
   154 | D        | Reached XP level 7. HP: 22/36 MP: 2/23
   278 | D        | Noticed a neqoxec
   288 | D        | Reached skill level 13 in Fire Magic
   400 | D        | Found Ocoutael's Magic Scroll Emporium.
   402 | D        | Found Babuew's Jewellery Shoppe.
   403 | D        | Found Veohiuta's Antique Armour Emporium.
   404 | D        | Found Runuiw's Jewellery Shoppe.
   405 | D        | Found Fobu's General Store.
   405 | D        | Found Qeapn's Book Shoppe.
   405 | D        | Found Metweg's Distillery.
   406 | D        | Found Xeoreimo's Antique Armour Shoppe.
   406 | D        | Found Odanunnu's Jewellery Emporium.
   406 | D        | Found Ackuruih's Antique Armour Emporium.
   407 | D        | Found Dife's Assorted Antiques.
   409 | D        | Found Kaicuone's Book Shoppe.
   409 | D        | Noticed Menkaure
   409 | D        | Noticed an oklob plant
   410 | D        | Found Nentip's Antique Weapon Shoppe.
   410 | D        | Found Neweewo's Distillery.
   410 | D        | Found Vubufaxyiw's Book Shoppe.
   417 | D        | Killed Menkaure
   418 | D        | Noticed a death yak
   429 | D        | Noticed a wyvern
   432 | D        | Noticed a wyvern
   443 | D        | Bought a book of Ice for 644 gold pieces
   449 | D        | Learned a level 5 spell: Freezing Cloud
  1121 | D        | Killed from afar by an electric eel

Illustrated notes

Levels and vault maps discovered:
D:        the_violet_keep_of_menkaure [sprint2_stairs_cluster_1,
          sprint2_shoproom, sprint2_temple, sprint2_basic_supplies,
          sprint2_obstacle_7, sprint2_obstacle_3, sprint2_obstacle_6,
          sprint2_obstacle_4, sprint2_obstacle_5, sprint2_timed_cluster_1,
          sprint2_smallroom_cluster_1, sprint2_smallroom_final_cluster_1,
          sprint2_transparent_cluster_1, sprint2_second_timed_cluster_1,
          sprint2_sniper_area_1, sprint2_heavy_combat_area_1,
          sprint2_mutation_trap_area_1, sprint2_forest_area_1,
          sprint2_light_combat_area_1, sprint2_behind_water_1,
          sprint2_near_end_vault_1]

Skill      XL: |  1  2  3  4  5  6  7 |
---------------+----------------------+-----
Dodging        | 5 6 7 |  7.1
Stealth        | 5 6 |  6.5
Spellcasting   | 9 10 11 | 11.7
Conjurations   | 2 3 4 |  4.1
Fire Magic     | 11 12 13 | 13.7

Action                   |  1- 3 |  4- 6 |  7- 9 || total
-------------------------+-------+-------+-------++-------
 Cast: Foxfire           |    12 |       |     3 ||    15
       Scorch            |       |     2 |     2 ||     4
       Flame Wave        |       |     2 |     2 ||     4
       Conjure Flame     |       |     1 |     1 ||     2
  Use: Potion            |     1 |       |       ||     1
Dodge: Dodged            |       |     3 |     4 ||     7

Table legend: (Time is in decaauts)
 A = Elapsed time spent in this place.
 B = Non-inter-level travel time spent in this place.
 C = Inter-level travel time spent in this place.
 D = Time resting spent in this place.
 E = Time spent auto-exploring this place.
 F = Levels seen in this place.
 G = Mean time per level.
                   A        B        C        D        E       F      G
               +--------+--------+--------+--------+--------+-----+--------+
         Total |   1131 |   1131 |      0 |    916 |      0 |   1 | 1131.0 |
       Dungeon |   1131 |   1131 |      0 |    916 |      0 |   1 | 1131.0 |
               +--------+--------+--------+--------+--------+-----+--------+

Top non-repeatable levels by time:
       D: 1131 daAuts
